 Dungeon Crawl Stone Soup version 0.24.0-1-gfbc8707122 (webtiles) character file.

Game seed: 3363987274418779850, levelgen mode: deterministic

2781 Chiseanne the Covert (level 9, 0/57 HPs)
             Began as an Octopode Air Elementalist on Oct 27, 2019.
             Was a Believer of Vehumet.
             Slain by a killer bee (6 damage)
             ... on level 8 of the Dungeon.
             The game lasted 00:20:24 (10753 turns).

Chiseanne the Covert (Octopode Air Elementalist)   Turns: 10753, Time: 00:20:24

Health: 0/57       AC:  3    Str:  8    XL:     9   Next: 70%
Magic:  12/17      EV: 20    Int: 17    God:    Vehumet [**....]
Gold:   400        SH:  5    Dex: 15    Spells: 16/19 levels left

rFire    + + .     SeeInvis .   s - +2 whip (venom)
rCold    . . .     Gourm    .   B - +0 buckler
rNeg     . . .     Faith    .   (helmet restricted)
rPois    .         Spirit   .   k - amulet of regeneration
rElec    .         Reflect  .   r - +2 ring of protection
rCorr    +         Harm     .   v - ring of protection from fire
MR       .....                  A - ring of resist corrosion
Stlth    +++++.....             D - ring of flight
HPRegen  0.59/turn              u - +3 ring of evasion
MPRegen  0.15/turn              J - ring of protection from fire
                                (no ring)
                                (no ring)

@: lethally poisoned (0 -> -4), marked
A: almost no armour, stealthy swim, amphibious, 8 rings, constrict 8, camouflage
1, gelatinous body 1
a: Renounce Religion, Evoke Flight


You were on level 8 of the Dungeon.
You worshipped Vehumet.
Vehumet was pleased with you.
You were very hungry.

You visited 2 branches of the dungeon, and saw 9 of its levels.

You collected 400 gold pieces.

Inventory:

Hand Weapons
 a - a +2 short sword of speed
 d - a +2 falchion of electrocution
 s - a +2 whip of venom (weapon)
Missiles
 e - 209 stones (quivered)
 g - 114 arrows
 j - 46 sling bullets
 o - 31 bolts
 y - 5 poisoned darts
 C - 4 boomerangs
Armour
 B - a +0 buckler (worn)
Jewellery
 k - an amulet of regeneration (around mantle)
 r - a +2 ring of protection (left tentacle)
 u - a +3 ring of evasion (on tentacle)
 v - a ring of protection from fire (right tentacle)
 z - an uncursed amulet of the gourmand {unknown}
 A - a ring of resist corrosion (on tentacle)
 D - a ring of flight (on tentacle)
 J - a ring of protection from fire (on tentacle)
Wands
 f - a wand of digging (4)
 F - a wand of enslavement (10)
Scrolls
 h - 7 scrolls of teleportation
 p - 5 scrolls of remove curse
 q - 2 scrolls of blinking
 x - a scroll of enchant armour
Potions
 c - 3 potions of mutation
 i - a potion of brilliance {unknown}
 l - a potion of agility {unknown}
 m - a potion of magic {unknown}
 n - a potion of lignification {unknown}
 t - a potion of resistance {unknown}
 w - a potion of haste {unknown}
 E - 2 potions of heal wounds
 G - 2 potions of invisibility
 H - 2 potions of cancellation {unknown}
 I - 3 potions of curing {unknown}
 K - a potion of berserk rage {unknown}
Comestibles
 b - 11 rations


   Skills:
 - Level 3.3 Fighting
 * Level 6.1 Dodging
 * Level 8.0 Stealth
 - Level 4.1 Shields
 * Level 5.6 Spellcasting
 * Level 4.4 Conjurations
 * Level 5.4 Air Magic


You had 16 spell levels left.
You knew the following spells:

 Your Spells              Type           Power        Failure   Level  Hunger
a - Shock                 Conj/Air       ###.         1%          1    None
b - Swiftness             Chrm/Air       ##......     7%          2    #......

Your spell library contained the following spells:

 Spells                   Type           Power        Failure   Level  Hunger
 Sandblast                Erth           #.....       14%         1    None
 Static Discharge         Conj/Air       ###.....     5%          3    ##.....
 Airstrike                Air            ###.......   14%         4    ####...
 Lightning Bolt           Conj/Air       ###.......   43%         5    ######.


Dungeon Overview and Level Annotations

Branches:
Dungeon (8/15)             Temple (1/1) D:5
   Lair: D:8-11

Altars:
Ashenzari
Cheibriados
Dithmenos
Elyvilon
Fedhas
Gozag
Hepliaklqana
Kikubaaqudgha
Makhleb
Nemelex Xobeh
Okawaru
Qazlal
Ru
Sif Muna
Trog
Uskayaw
Vehumet
Wu Jian
Xom
Yredelemnul
Zin


Innate Abilities, Weirdness & Mutations

You cannot wear most types of armour.
You are very stealthy in the water. (Stealth+)
You are amphibious.
You can wear up to eight rings at the same time.
You can use your tentacles to constrict eight enemies at once.
Your skin changes colour to match your surroundings (Stealth+).
Your rubbery body absorbs attacks. (AC +1, EV +1)


Message History

You constrict the killer bee.
You feel sick. The killer bee stings you.
* * * LOW HITPOINT WARNING * * *
The killer bee stings you!
* * * LOW HITPOINT WARNING * * *
You are more poisoned.
The killer bee poisons you! The killer bee completely misses you.
The killer bee barely misses you. The killer bee completely misses you.
You hit the killer bee. You grab the killer bee.
The killer bee is almost dead.
You constrict the killer bee.
You kill the killer bee!
Vehumet accepts your kill.
You constrict the killer bee.
You kill the killer bee!
Vehumet accepts your kill.
Your Stealth skill increases to level 8!
You feel sick. The killer bee completely misses you.
A wight comes into view. It is wielding a +0 battleaxe of venom.
The killer bee stings you.
You die...

#......≈≈.# ##.....
###...≈.## #......
#..!≈.# #...... #...≈≈#
#...... ##.≈≈.# ##.....
#yy#.###### ##...#
#.≈#......#########.###
#z#####†..#.........#
#o)lay@...#.#########
########....# ######


You could see an iguana, a worker ant, a killer bee, a wight and an orc.

Vanquished Creatures
  Sigmund (D:3)
  2 sky beasts
  4 ogres
  2 centaurs
  A bullfrog (D:7)
  6 scorpions
  A wyvern skeleton (D:6)
  8 killer bees
  A water moccasin skeleton (D:4)
  3 crimson imps
  A bullfrog zombie (D:5)
  3 hounds
  2 jellies
  2 orc priests
  A centaur skeleton (D:4)
  A gnoll shaman (D:7)
  2 bullfrog skeletons
  An orc wizard (D:5)
  Jessica (D:2)
  3 iguanas
  Natasha (twice) (D:3)
  5 worker ants
  A hound skeleton (D:4)
  8 gnolls
  15 adders
  2 shadow imps
  2 adder skeletons
  4 worms (D:2)
  A dart slug (D:1)
  2 leopard geckos
  18 orcs
  10 bats
  2 giant cockroaches
  9 goblins
  9 hobgoblins
  9 jackals
  7 kobolds
  2 quokkas (D:7)
  7 frilled lizards
  A giant cockroach zombie (D:6)
  2 leopard gecko skeletons (D:5)
  13 rats
177 creatures vanquished.

Notes
Turn   | Place    | Note
-------+----------+-------------------------------------------
     0 | D:1      | Chiseanne the Octopode Air Elementalist began the quest for
                  | the Orb.
     0 | D:1      | Reached XP level 1. HP: 11/11 MP: 3/3
   462 | D:1      | Reached skill level 3 in Stealth
   470 | D:1      | Reached XP level 2. HP: 17/18 MP: 0/5
  1034 | D:1      | Reached skill level 1 in Fighting
  1350 | D:1      | Reached XP level 3. HP: 23/23 MP: 1/6
  2002 | D:2      | Reached XP level 4. HP: 26/28 MP: 1/7
  2439 | D:2      | Reached skill level 4 in Stealth
  2489 | D:2      | Found an ornate altar of the Wu Jian Council.
  2576 | D:2      | Noticed Jessica
  2579 | D:2      | Killed Jessica
  2680 | D:2      | Reached XP level 5. HP: 29/34 MP: 3/9
  2748 | D:2      | Noticed a phantom
  3323 | D:2      | Found a burning altar of Makhleb.
  3323 | D:2      | Noticed a cacodemon
  3327 | D:2      | Noticed a neqoxec
  3327 | D:2      | Noticed a smoke demon
  4018 | D:3      | Noticed Sigmund
  4036 | D:3      | Killed Sigmund
  4036 | D:3      | Reached skill level 5 in Stealth
  4036 | D:3      | Reached XP level 6. HP: 11/41 MP: 1/10
  4474 | D:3      | Found a burning altar of Makhleb.
  4503 | D:3      | Noticed Natasha
  4511 | D:3      | Killed Natasha
  4682 | D:3      | Found a sparkling altar of Nemelex Xobeh.
  4812 | D:3      | Found a shattered altar of Ashenzari.
  4812 | D:3      | Found a bloodstained altar of Trog.
  5269 | D:3      | Noticed Natasha
  5275 | D:3      | Killed Natasha
  5275 | D:3      | Reached XP level 7. HP: 36/46 MP: 6/12
  5810 | D:4      | Learned a level 2 spell: Swiftness
  7379 | D:5      | Entered Level 5 of the Dungeon
  7516 | D:5      | Reached XP level 8. HP: 52/52 MP: 7/14
  7575 | D:5      | Found an iron altar of Okawaru.
  8035 | D:5      | Found a shimmering altar of Xom.
  8035 | D:5      | Noticed an angel
  8037 | D:5      | Found a glowing silver altar of Zin.
  8270 | D:5      | Reached skill level 6 in Stealth
  8339 | D:5      | Reached skill level 5 in Dodging
  8391 | D:5      | Found a staircase to the Ecumenical Temple.
  8403 | Temple   | Entered the Ecumenical Temple
  8454 | Temple   | Became a worshipper of Vehumet
  9455 | D:7      | Reached skill level 5 in Spellcasting
  9613 | D:7      | Reached * piety under Vehumet
  9613 | D:7      | Offered knowledge of Sting by Vehumet.
  9613 | D:7      | Reached skill level 7 in Stealth
  9676 | D:7      | Reached XP level 9. HP: 25/57 MP: 16/16
  9779 | D:7      | Reached skill level 5 in Air Magic
  9788 | D:7      | Found an ancient bone altar of Kikubaaqudgha.
 10468 | D:8      | Reached skill level 1 in Shields
 10495 | D:8      | Offered knowledge of Sandblast by Vehumet.
 10614 | D:8      | Reached ** piety under Vehumet
 10753 | D:8      | Reached skill level 8 in Stealth
 10753 | D:8      | Slain by a killer bee

Levels and vault maps discovered:
D:1:      lightli_arrival_noodles, layout_basic, minmay_ruptured
D:2:      kennysheep_six_static_rooms, layout_basic, overflow_temple_1_default,
          first_ration, makhleb_altar_promises_db, uniq_jessica
D:3:      minmay_evil_eye, layout_basic, gammafunk_temple_overflow_wave,
          nemelex_xobeh_ov_fountains_minmay, old_standard_altar,
          minmay_close_crescents, uniq_natasha, uniq_sigmund
D:4:      layout_layer_cave
D:5:      layout_gridville, grunt_temple_overflow_order_and_chaos_1,
          minmay_temple_entry_glassed_door, okawaru_ov_weapons_minmay
D:6:      layout_loops_ring
D:7:      layout_rooms, lemuel_doored_altar
D:8:      layout_loops_cross, serial_rivers, chequers_serial_rivers_room_b,
          chequers_serial_rivers_small_a, chequers_serial_rivers_marsh,
          chequers_serial_rivers_marsh, chequers_serial_rivers_micro_e
Temple:   dshaligram_water_room_temple

Skill      XL: |  1  2  3  4  5  6  7  8  9 |
---------------+----------------------------+-----
Stealth        | 3 4 5 7 8 |  8.0
Fighting       | 1 2 3 |  3.3
Dodging        | 3 4 5 6 |  6.1
Spellcasting   | 3 4 5 |  5.6
Conjurations   | 2 3 4 |  4.4
Air Magic      | 4 5 |  5.4
Shields        | 4 |  4.1

Action                   |  1- 3 |  4- 6 |  7- 9 || total
-------------------------+-------+-------+-------++-------
Melee: Club              |     5 |       |       ||     5
       Constrict         |     6 |     5 |    39 ||    50
       Tentacles         |     4 |     4 |    39 ||    47
       Unarmed           |     2 |       |       ||     2
       Mace              |    11 |    26 |    46 ||    83
       Short sword       |       |       |    54 ||    54
       Whip              |       |       |    67 ||    67
       Falchion          |       |       |     9 ||     9
Throw: Stone             |       |     3 |       ||     3
 Cast: Shock             |    69 |   182 |   243 ||   494
       Swiftness         |       |       |     2 ||     2
Evoke: Wand              |       |       |     2 ||     2
  Use: Scroll            |       |    12 |     6 ||    18
 Stab: Sleeping          |     1 |       |     3 ||     4
  Eat: Chunk             |     4 |    10 |    16 ||    30
Armor: Skin              |       |     7 |    18 ||    25
Dodge: Dodged            |    22 |    65 |   231 ||   318
Block: Buckler           |       |       |    14 ||    14
       Rpst.: Falchion   |       |       |     1 ||     1
